 Dungeon Crawl Stone Soup version 0.27.1-33-g824d729ab1 (webtiles) character file.

Game seed: 6653767625019942684

246 boopmooplesden the Shield-Bearer (level 5, -3/47 HPs)
             Began as a Minotaur Fighter on Dec 22, 2021.
             Slain by Pikel (5 damage)
             ... on level 4 of the Dungeon.
             The game lasted 00:03:38 (2978 turns).

boopmooplesden the Shield-Bearer (Minotaur Fighter) Turns: 2978, Time: 00:03:38

Health: -3/47      AC:  7    Str: 22    XL:     5   Next: 84%
Magic:  4/4        EV:  8    Int:  5    God:
Gold:   141        SH: 10    Dex:  9    Spells: 4/4 levels left

rFire    . . .     SeeInvis .   a - +0 long sword
rCold    . . .     Faith    .   c - +0 kite shield
rNeg     . . .     Spirit   .   b - +0 scale mail
rPois    .         Reflect  .   (helmet restricted)
rElec    .         Harm     .   (no cloak)
rCorr    .         Rampage  .   (no gloves)
Will     .....                  (no boots)
Stlth    ..........             (no amulet)
HPRegen  0.15/turn              (no ring)
MPRegen  0.09/turn              (no ring)

@: flying
A: horns 2, retaliatory headbutt
a: no special abilities


You were on level 4 of the Dungeon.
You visited 1 branch of the dungeon, and saw 4 of its levels.

You collected 141 gold pieces.

Inventory:

Hand Weapons
 a - a +0 long sword (weapon)
 j - a +0 short sword of venom
Missiles
 n - 5 javelins (quivered)
Armour
 b - a +0 scale mail (worn)
 c - a +0 kite shield (worn)
Jewellery
 f - a ring of fire
 h - a ring of protection from cold
 o - an amulet of magic regeneration
Scrolls
 l - a scroll of magic mapping {unknown}
 m - a scroll of identify
Potions
 d - 3 potions of might
 e - 2 potions of brilliance
 k - a potion of lignification {unknown}


   Skills:
 + Level 4.5 Fighting
 + Level 4.3 Long Blades
 + Level 4.9 Armour
 + Level 1.3 Dodging
 + Level 0.2 Stealth
 + Level 5.1 Shields


You had 4 spell levels left.
You didn't know any spells.
Your spell library contained the following spells:

 Spells                   Type           Power      Damage    Failure   Level
 Gell's Gravitas          Tloc           0%         N/A       100%        3
 Lesser Beckoning         Tloc           0%         N/A       100%        3
 Teleport Other           Tloc           0%         N/A       100%        3
 Chain Lightning          Conj/Air       0%         N/A       100%        9
 Fire Storm               Conj/Fire      0%         5d1       100%        9


Dungeon Overview and Level Annotations

Branches:
Dungeon (4/15)
 Temple: D:4-7

Altars:
Qazlal
Zin
The Shining One

Shops:
D:2 ?   D:3 !*

Annotations:
D:4 Pikel


Innate Abilities, Weirdness & Mutations

You have a pair of horns on your head.
You reflexively headbutt those who attack you in melee.


Message History

The lemure hits you but does no damage.
You hit the lemure. Your headbutt misses the lemure.
The lemure is almost dead.
The lemure closely misses you.
You riposte.
You slash the lemure!
You kill the lemure!
That felt strangely unrewarding.
Pikel hits you with a +2 whip of freezing!
Pikel freezes you.
You closely miss Pikel. You headbutt Pikel.
Pikel is lightly wounded.
Pikel hits you with a +2 whip of freezing.
Pikel freezes you.
You hit Pikel.
Pikel is moderately wounded.
Pikel hits you with a +2 whip of freezing.
Pikel freezes you.
Pikel hits you with a +2 whip of freezing.
Pikel freezes you.
You barely miss Pikel.
Pikel is moderately wounded.
Pikel hits you with a +2 whip of freezing!
* * * LOW HITPOINT WARNING * * *
Pikel freezes you.
* * * LOW HITPOINT WARNING * * *
You barely miss Pikel.
Pikel is moderately wounded.
You block Pikel's attack.
Pikel hits you with a +2 whip of freezing.
* * * LOW HITPOINT WARNING * * *
Pikel freezes you.
* * * LOW HITPOINT WARNING * * *
As you read the scroll labelled GOXOEBI ZAEGH, it crumbles to dust.
It is a scroll of identify.
e - 2 potions of brilliance Pikel zaps a wand.
Some rock shatters into small pieces.
It was a potion of flight.
You feel very buoyant.
You fly up into the air.
Pikel hits you with a +2 whip of freezing.
You die...

......#.############
.####..............# .#
##...##########.##### .# #.....#
#..........# ## ##...##
#..###.###.# ##.## #..###.###.#
#.# #..##...##.# #.#
#......#.#.# ##+## #..#@#..#..#
##...## #..#.K.#.#.## ##.....##
#.......5...##
##.......###.......##.#.#
##.........##......5.##.#.###...
.'.........'.........5..).......
##.........####...#####.........
##.......## ##.## #.........
##.....## #.# #.###.....


You could see Pikel and 3 lemures.

Vanquished Creatures
  A black bear (D:4)
  A lemure (D:4)
  A hound skeleton (D:4)
  6 gnolls
  A worm (D:2)
  3 dart slugs
  7 orcs
  3 ball pythons
  6 endoplasms
  3 giant cockroaches
  10 goblins
  7 hobgoblins
  4 jackals (D:1)
  2 kobolds
  2 quokkas (D:2)
  7 bats
  4 frilled lizards
  3 rats
71 creatures vanquished.

Notes
Turn   | Place    | Note
-------+----------+-------------------------------------------
     0 | D:1      | boopmooplesden the Minotaur Fighter began the quest for the
                  | Orb.
     0 | D:1      | Reached XP level 1. HP: 19/19 MP: 0/0
   350 | D:1      | You fall into a shaft and drop 1 floor!
   357 | D:2      | Reached XP level 2. HP: 27/27 MP: 1/1
   450 | D:2      | Reached skill level 4 in Shields
   482 | D:2      | Reached XP level 3. HP: 22/33 MP: 2/2
   964 | D:2      | Found Heet's Magic Scroll Shoppe.
  1011 | D:1      | Found a faded altar of an unknown god.
  1037 | D:1      | Reached XP level 4. HP: 41/41 MP: 3/3
  1610 | D:3      | Found Kyropt's Distillery.
  1651 | D:3      | Found a stormy altar of Qazlal.
  2216 | D:3      | Found a glowing golden altar of the Shining One.
  2255 | D:3      | Reached skill level 1 in Dodging
  2438 | D:3      | Found Zin's Purification Station.
  2442 | D:3      | Found a glowing silver altar of Zin.
  2706 | D:4      | Noticed a black bear
  2714 | D:4      | Killed a black bear
  2715 | D:4      | Reached skill level 5 in Shields
  2715 | D:4      | Reached XP level 5. HP: 38/47 MP: 4/4
  2952 | D:4      | Noticed a lemure
  2953 | D:4      | Noticed Pikel
  2953 | D:4      | Noticed a lemure
  2953 | D:4      | Noticed a lemure
  2953 | D:4      | Noticed a lemure
  2965 | D:4      | Killed a lemure
  2970 | D:4      | HP: 2/47 [Pikel (2)]
  2978 | D:4      | Slain by Pikel

Illustrated notes

Levels and vault maps discovered:
D:1:      lemuel_arrival_tunnels, layout_basic, chequers_ecumenical_altar_island
D:2:      layout_rooms, serial_shops, nicolae_lakefront_shop
D:3:      layout_basic, nicolae_qazlal_general_emergency,
          nicolae_tso_carved_into_rock, zin_purify, serial_shops,
          nicolae_shop_crystal
D:4:      layout_loops_corners, grunt_gozag_statues, uniq_pikel

Skill      XL: |  1  2  3  4 |
---------------+-------------+-----
Fighting       | 4 |  4.5
Armour         | 4 |  4.9
Shields        | 4 5 |  5.1
Long Blades    | 3 4 |  4.3
Dodging        | 1 |  1.3
Stealth        | |  0.2

Action                   |  1- 3 |  4- 6 || total
-------------------------+-------+-------++-------
Melee: Long sword        |    64 |   116 ||   180
       Headbutt          |    16 |    17 ||    33
  Use: Scroll            |       |     3 ||     3
       Potion            |       |     1 ||     1
Armor: Scale mail        |    30 |    62 ||    92
Dodge: Dodged            |    20 |    42 ||    62
Block: Kite shield       |    37 |    89 ||   126
       Rpst.: Long sword |     5 |     9 ||    14
